 Dungeon Crawl Stone Soup version 0.26.0-18-gc5c842f807 (webtiles) character file.

Game seed: 12214665201749337905

109 thiole the Sneak (level 4, -2/27 HPs)
             Began as an Octopode Hedge Wizard on Jan 23, 2021.
             Slain by an adder (5 damage)
             ... on level 3 of the Dungeon.
             The game lasted 00:04:04 (2868 turns).

thiole the Sneak (Octopode Hedge Wizard)            Turns: 2868, Time: 00:04:05

Health: -2/27      AC:  1    Str:  9    XL:     4   Next: 89%
Magic:  9/9        EV: 10    Int: 17    God:
Gold:   141        SH:  6    Dex: 11    Spells: 2/10 levels left

rFire    . . .     SeeInvis .   a - +0 dagger
rCold    . . .     Faith    .   i - +0 kite shield
rNeg     . . .     Spirit   .   b - +0 hat
rPois    .         Reflect  .   (no amulet)
rElec    .         Harm     .   (no ring)
rCorr    .         Rampage  .   (no ring)
Will     .....                  (no ring)
Stlth    ++++......             (no ring)
HPRegen  0.09/turn              (no ring)
MPRegen  0.11/turn              (no ring)
                                (no ring)
                                (no ring)

@: brilliant
A: almost no armour, stealthy swim, amphibious, 8 rings, constrict 8, camouflage
1, gelatinous body 1
a: no special abilities


You were on level 3 of the Dungeon.
You visited 1 branch of the dungeon, and saw 4 of its levels.

You collected 141 gold pieces.

Inventory:

Hand Weapons
 a - a +0 dagger (weapon)
Armour
 b - a +0 hat (worn)
 i - a +0 kite shield (worn)
Jewellery
 c - a +6 ring of dexterity {unknown}
 m - a cursed ring of teleportation {unknown}
Scrolls
 d - 3 scrolls of identify {unknown}
 f - a scroll of blinking {unknown}
 g - a scroll of teleportation {unknown}
 j - a scroll of enchant armour {unknown}
 k - a scroll of noise {unknown}
Potions
 h - a potion of berserk rage {unknown}
 l - a potion of heal wounds {unknown}


   Skills:
 - Level 2.0 Dodging
 + Level 4.6 Stealth
 + Level 3.7 Spellcasting
 - Level 2.0 Conjurations
 - Level 2.0 Summonings
 - Level 1.0 Translocations


You had 2 spell levels left.
You knew the following spells:

 Your Spells              Type           Power        Failure   Level
a - Magic Dart            Conj           60%          45%         1
b - Call Imp              Summ           15%          58%         2
c - Slow                  Hex            4%           86%         2
d - Mephitic Cloud        Conj/Pois/Air  8%           95%         3

Your spell library contained the following spells:

 Spells                   Type           Power        Failure   Level
 Blink                    Tloc           N/A          75%         2
 Conjure Flame            Conj/Fire      9%           92%         3


Dungeon Overview and Level Annotations

Branches:
Dungeon (4/15)
 Temple: D:4-7

Altars:
Makhleb

Annotations:
D:3 Grinder


Innate Abilities, Weirdness & Mutations

You cannot wear most types of armour.
You are very stealthy in the water. (Stealth+)
You are amphibious.
You can wear up to eight rings at the same time.
You can use your tentacles to constrict eight enemies at once.
Your skin changes colour to match your surroundings (Stealth+).
Your rubbery body absorbs attacks. (AC +1, EV +1)


Message History

The orc shouts!
You hear a shout! x2; The orc shouts!
You hear a shout!
The adder hisses angrily.
The orc priest shouts!
You hit the orc priest. You grab the orc priest. You squeeze the orc priest.
The orc priest is heavily wounded.
You constrict the orc priest.
A goblin comes into view. It is wielding a +0 dagger.
The orc priest invokes the aid of Beogh against you.
Pain shoots through your body!
Ouch! That really hurt!
You block the orc's attack. The adder bites you.
You hit the orc priest but do no damage.
The orc priest is severely wounded.
You constrict the orc priest. The adder barely misses you.
The orc priest invokes the aid of Beogh against you.
Pain shoots through your body!
* * * LOW HITPOINT WARNING * * *
It was a potion of brilliance.
You feel clever all of a sudden.
You constrict the orc priest. The adder bites you.
You die...

#...........#
#.###.###...#
#. #...# #.
#...# .
#.###...# ..#
#.#>....#
#...#.#.#####
#.o.o#.#####
#...oo@....#
#.g#oo.S##.#
.. ##.....
#..##..# ..##
..# ... .#
... .? ....
.#


You could see an orc priest, an adder, 5 orcs and a goblin.

Vanquished Creatures
  A hound (D:2)
  3 adders (D:2)
  3 dart slugs (D:1)
  2 leopard geckos
  3 giant cockroaches (D:1)
  2 goblins
  5 hobgoblins (D:1)
  2 jackals (D:1)
  3 quokkas (D:2)
  3 ball pythons
  7 bats
  3 frilled lizards (D:1)
  5 kobolds
  5 rats (D:1)
47 creatures vanquished.

Notes
Turn   | Place    | Note
-------+----------+-------------------------------------------
     0 | D:1      | thiole the Octopode Hedge Wizard began the quest for the
                  | Orb.
     0 | D:1      | Reached XP level 1. HP: 11/11 MP: 4/4
   157 | D:1      | Reached XP level 2. HP: 17/17 MP: 1/6
   573 | D:1      | Reached skill level 3 in Stealth
   954 | D:1      | Reached XP level 3. HP: 21/21 MP: 5/7
  1925 | D:2      | Reached XP level 4. HP: 27/27 MP: 5/9
  1933 | D:2      | Learned a level 2 spell: Call Imp
  1936 | D:2      | Learned a level 2 spell: Slow
  1940 | D:2      | Learned a level 3 spell: Mephitic Cloud
  2084 | D:2      | Reached skill level 4 in Stealth
  2396 | D:2      | Found a burning altar of Makhleb.
  2826 | D:2      | You fall into a shaft and drop 2 floors!
  2855 | D:3      | Noticed Grinder
  2868 | D:3      | Slain by an adder

Illustrated notes

Levels and vault maps discovered:
D:1:      saegor_arrival_simple_c, layout_loops_ring
D:2:      layout_basic, makhleb_heckhound_becter
D:3:      layout_rooms, lemuel_coloured_pillars_altar,
          nicolae_dithmenos_shadow_blocks, solitary_fountain,
          chequers_mini_garden, uniq_crazy_yiuf_cottage, uniq_grinder,
          uniq_sigmund
D:4:      layout_loops_cross, kennysheep_boxes, uniq_edmund

Skill      XL: |  1  2  3  4 |
---------------+-------------+-----
Stealth        | 3 4 |  4.6
Conjurations   | 2 |  2.0
Summonings     | 2 |  2.0
Dodging        | |  2.0
Spellcasting   | |  3.7
Translocations | |  1.0

Action                   |  1- 3 |  4- 6 || total
-------------------------+-------+-------++-------
Melee: Dagger            |    26 |    11 ||    37
       Constrict         |     8 |     4 ||    12
       Tentacles         |     2 |     5 ||     7
 Cast: Magic Dart        |    82 |    16 ||    98
  Use: Potion            |       |     1 ||     1
 Stab: Sleeping          |       |     1 ||     1
Armor: Skin              |     3 |     3 ||     6
Dodge: Dodged            |    18 |    11 ||    29
Block: Kite shield       |       |     7 ||     7
